AoeStats
← GoldPhantom

Pilgrims

507764822Analyzed
3v3 RM · 14d ago on Sep 19, 2026· 57m 39s· 6 players
Game mode
Random Map
Map size
Normal (6 player)
Population
200
Speed
Normal
Resources
Standard
Victory
Conquest
Starting age
Dark Age
Ending age
Imperial Age
RankedLock teamsTeams togetherTeam positionsShared explorationLock speedFull tech treeHidden civsTurbo modeCheats
Victory
Defeat
🇺🇸 Bengalis · United States
1055
+13
🇵🇱 Mapuche · Poland
860
+21
🇭🇰 Ethiopians · Hong Kong SAR China
852
+22
🇬🇷 Dravidians · Greece
994
-19
🇺🇸 Cumans · United States
978
-19
🇺🇦 Teutons · Ukraine
953
-18
centurion19
5:05 Loom
11:38 Feudal Age
12:33 Double-Bit Axe
12:48 Horse Collar
14:09 Man-at-Arms
14:47 Gold Mining
19:11 Castle Age
17:58 Stone Mining
18:32 Fishing Lines
21:25 Stone Shaft Mining
21:26 Caravan
25:27 Imperial Age
23:13 Scale Mail Armor
23:23 Forging
23:45 Gillnets
26:09 Wheelbarrow
25:21 Town Watch
25:49 Squires
26:29 Iron Casting
26:15 Chain Mail Armor
27:00 Fervor
29:07 Bow Saw
30:19 Medium Warships
31:49 Elite Teutonic Knight
33:56 Heavy Warships
34:39 Crenellations
34:13 Fletching
35:17 Bodkin Arrow
36:49 Ballistics
36:41 Masonry
38:01 Plate Mail Armor
37:32 Heated Shot
38:58 Conscription
39:18 Hoardings
40:26 Blast Furnace
40:53 Chemistry
42:06 Heavy Plow
43:30 Two-Man Saw
42:39 Arson
44:24 Crop Rotation
44:37 Conscription
56:59 Cavalier
afanas
11:49 Feudal Age
16:47 Castle Age
15:30 Double-Bit Axe
17:53 Bow Saw
19:06 Wheelbarrow
19:19 Medium Warships
19:28 Stone Mining
19:53 Padded Archer Armor
19:43 Fletching
21:32 Thumb Ring
21:27 Fishing Lines
23:46 Loom
24:16 Hand Cart
24:33 Bodkin Arrow
28:19 Ballistics
28:52 Horse Collar
steffens-spieleadresse
8:21 Feudal Age
17:00 Loom
18:33 Fishing Lines
23:04 Castle Age
23:53 Wheelbarrow
24:29 Medium Warships
24:52 Crossbowman
29:50 Elite Skirmisher
GoldPhantom
13:30 Feudal Age
11:48 Loom
14:32 Double-Bit Axe
16:57 Gold Mining
23:07 Wheelbarrow
26:21 Castle Age
24:14 Fletching
24:24 Padded Archer Armor
25:58 Stone Mining
26:12 Town Watch
27:37 Thumb Ring
26:54 Crossbowman
27:49 Squires
33:01 Caravan
33:21 Hand Cart
33:51 Ballistics
36:00 Bodkin Arrow
38:00 Horse Collar
41:00 Imperial Age
40:44 Forging
40:35 Scale Mail Armor
40:42 Scale Barding Armor
40:01 Elite Skirmisher
41:41 Town Patrol
41:04 Arbalester
41:49 Bracer
43:55 Chemistry
43:31 Guilds
43:37 Husbandry
44:33 Light Cavalry
45:53 Iron Casting
45:39 Bow Saw
45:35 Heavy Plow
47:41 Blast Furnace
48:15 Chain Mail Armor
48:20 Chain Barding Armor
47:45 Hussar
49:43 Heavy Camel Rider
50:54 Conscription
53:06 Royal Heirs
53:48 Plate Mail Armor
53:35 Leather Archer Armor
53:11 Arson
54:49 Gold Shaft Mining
54:50 Stone Shaft Mining
53:41 Man-at-Arms
54:05 Elite Shotel Warrior
57:10 Masonry
57:06 Siege Engineers
56:54 Guard Tower
57:44 Ring Archer Armor
PiotrekEs
7:35 Loom
11:57 Feudal Age
12:51 Double-Bit Axe
13:39 Fishing Lines
19:03 Castle Age
18:14 Gold Mining
20:11 Bow Saw
22:01 Padded Archer Armor
23:21 Fletching
32:09 Horse Collar
33:18 Gillnets
34:46 Bodkin Arrow
35:07 Leather Archer Armor
35:39 Malon
36:50 Wheelbarrow
36:02 Town Watch
40:19 Imperial Age
39:08 Hand Cart
39:01 Heavy Plow
40:12 Fervor
41:17 Elite Bolas Rider
42:22 Conscription
43:09 Crop Rotation
42:52 Butalmapu
47:26 Ring Archer Armor
47:06 Forging
47:48 Ballistics
48:33 Chemistry
49:12 Siege Engineers
50:18 Gold Shaft Mining
53:27 Heavy Scorpion
54:39 Masonry
54:19 Treadmill Crane
54:35 Murder Holes
54:27 Arrowslits
Evasive Species
6:35 Loom
12:21 Feudal Age
13:02 Double-Bit Axe
12:59 Horse Collar
13:18 Fishing Lines
14:16 Town Watch
19:44 Castle Age
20:35 Fletching
21:07 Medium Warships
24:13 Bow Saw
26:33 Siphons
26:11 Treadmill Crane
26:43 Clinker Construction
28:39 Gillnets
33:15 Imperial Age
32:04 Paiks
32:47 Careening
34:29 Carvel Hull
34:34 Conscription
35:59 Guilds
36:13 Ballistics
37:50 Chemistry
37:47 Heavy Warships
39:22 Bodkin Arrow
39:27 Padded Archer Armor
39:40 Forging
39:49 Elite Cannon Galleon
42:47 Siege Engineers
47:50 Elite Ratha (Ranged)
48:34 Bracer
48:50 Leather Archer Armor
49:10 Iron Casting
50:24 Mahayana
50:56 Elite Skirmisher
52:50 Two-Man Saw
53:29 Crossbowman
56:09 Caravan
58:20 Ring Archer Armor
Connection lost

Rejoining the realm…

Still unreachable

The connection could not be restored.

Session expired

The server has moved on; the page needs a fresh start.